 Dungeon Crawl Stone Soup version 0.28-a0-657-g71136c5590 (webtiles) character file.

Game seed: 9264315123327608001

28 kipponium the Chopper (level 2, -1/22 HPs)
             Began as a Demonspawn Gladiator on Oct 13, 2021.
             Slain by an adder (2 damage)
             ... on level 2 of the Dungeon.
             The game lasted 00:02:15 (1123 turns).

kipponium the Chopper (Demonspawn Gladiator)        Turns: 1123, Time: 00:02:16

Health: -1/22      AC:  4    Str: 14    XL:     2   Next: 96%
Magic:  2/2        EV: 12    Int:  9    God:
Gold:   96         SH:  0    Dex: 14    Spells: 1/1 levels left

rFire   . . .      SeeInvis .   a - +0 war axe
rCold   . . .      Faith    .   (no shield)
rNeg    . . .      Spirit   .   b - +0 leather armour
rPois   .          Reflect  .   c - +0 helmet
rElec   .          Harm     .   (no cloak)
rCorr   .          Rampage  .   (no gloves)
Will    .....                   (no boots)
Stlth   +.........              (no amulet)
HPRegen 0.07/turn               (no ring)
MPRegen 0.08/turn               (no ring)

@: lethally poisoned (-1 -> -8)
A: hooves 1
a: no special abilities


You were on level 2 of the Dungeon.
You visited 1 branch of the dungeon, and saw 2 of its levels.

You collected 96 gold pieces.

Inventory:

Hand Weapons
 a - a +0 war axe (weapon)
Missiles
 d - 3 throwing nets (quivered)
 g - 4 javelins
Armour
 b - a +0 leather armour (worn)
 c - a +0 helmet (worn)
Scrolls
 e - a scroll of silence {unknown}
 h - a scroll of acquirement {unknown}
Potions
 f - a potion of cancellation


   Skills:
 - Level 2.0 Fighting
 + Level 3.8 Axes
 - Level 1.7 Throwing
 - Level 2.6 Dodging


You had one spell level left.
You didn't know any spells.
Your spell library contained the following spells:

 Spells                   Type           Power      Damage    Failure   Level
 Animate Skeleton         Necr           0%         N/A       45%         1
 Apportation              Tloc           0%         N/A       45%         1
 Summon Small Mammal      Summ           0%         N/A       45%         1


Dungeon Overview and Level Annotations

Branches:
Dungeon (2/15)

Altars:


Innate Abilities, Weirdness & Mutations

You have large cloven feet.


Message History

The bat hits you but does no damage.
You hit the kobold. You kick the kobold, but do no damage.
The kobold is moderately wounded.
You barely miss the bat. The bat misses you. The kobold closely misses you.
The bat hits you but does no damage. The kobold hits you but does no damage.
You are poisoned.
You feel very sick. The bat hits you but does no damage.
You barely miss the kobold.
You feel sick. The bat hits you but does no damage.
The kobold hits you with a +0 short sword of venom.
You are lethally poisoned!
It was a potion of cancellation.
You feel magically purged.
You feel very sick. The bat hits you but does no damage. The kobold misses you.
It was a potion of heal wounds.
You feel much better.
You feel very sick. The bat closely misses you. The kobold closely misses you.
You closely miss the kobold.
You feel very sick. The bat closely misses you.
The kobold hits you but does no damage.
You are lethally poisoned!
You hit the kobold. You kick the kobold.
You kill the kobold!
You closely miss the bat.
You feel very sick. The bat misses you. The bat barely misses you.
The adder barely misses you.
Your leather armour prevents you from hitting the adder.
Your kick misses the adder. You hit the bat.
You kill the bat!
* * * LOW HITPOINT WARNING * * *
You feel very sick. The adder completely misses you.
You barely miss the adder. Your kick misses the adder.
* * * LOW HITPOINT WARNING * * *
You feel very sick.
The adder bites you but does no damage. x2
You miss the adder.
* * * LOW HITPOINT WARNING * * *
You feel sick. The adder bites you.
You die...

#.... .......##
#.....♣..P......
....♣..≈≈≈≈P..######
......≈♣≈≈..♣......
#P..≈≈≈≈≈≈♣......#
##..♣≈≈≈≈♣≈P..♣...# .
#P...♣≈♣≈.........# ...
♣.†..♣≈P....#....#
.....##.@♣..♣...#.#....#
.......S#...#.###.#....#
........+.........#....#
........#.........#....#
####.............###.#.#
.............### #.#.#
##.###......... ..#.##
#. #.......########... #
#........ #.......


You could see an adder.

Vanquished Creatures
  A dart slug (D:1)
  2 bats
  2 endoplasms (D:1)
  2 giant cockroaches (D:1)
  3 goblins
  5 hobgoblins (D:1)
  A ball python (D:1)
  3 kobolds
  3 rats
22 creatures vanquished.

Notes
Turn   | Place    | Note
-------+----------+-------------------------------------------
     0 | D:1      | kipponium the Demonspawn Gladiator began the quest for the
                  | Orb.
     0 | D:1      | Reached XP level 1. HP: 16/16 MP: 1/1
    52 | D:1      | Reached skill level 3 in Axes
    63 | D:1      | Gained mutation: You have large cloven feet. [demonic
                  | ancestry]
    63 | D:1      | Reached XP level 2. HP: 7/22 MP: 2/2
   903 | D:1      | Found a faded altar of an unknown god.
  1123 | D:2      | HP: 1/22 [poisoned by a kobold]
  1123 | D:2      | Slain by an adder

Illustrated notes

Levels and vault maps discovered:
D:1:      wheals_arrival_shading, layout_basic,
          ebering_ecumenical_altar_sacrificial, chequers_garden,
          minmay_crystal_room
D:2:      layout_basic, basic_altar, serial_bayou_pond_a

Skill      XL: |  1 |
---------------+----+-----
Axes           | 3 |  3.8
Fighting       | |  2.0
Throwing       | |  1.7
Dodging        | |  2.6

Action                   || total
-------------------------++-------
Melee: War axe           ||    45
       Kick              ||     9
  Use: Potion            ||     2
 Stab: Sleeping          ||     1
Armor: Leather armour    ||    15
Dodge: Dodged            ||    33

Table legend: (Time is in decaauts)
 A = Elapsed time spent in this place.
 B = Non-inter-level travel time spent in this place.
 C = Inter-level travel time spent in this place.
 D = Time resting spent in this place.
 E = Time spent auto-exploring this place.
 F = Levels seen in this place.
 G = Mean time per level.
                   A        B        C        D        E       F      G
               +--------+--------+--------+--------+--------+-----+--------+
         Total |   1137 |   1102 |     35 |    269 |    666 |   2 |  568.5 |
       Dungeon |   1137 |   1102 |     35 |    269 |    666 |   2 |  568.5 |
               +--------+--------+--------+--------+--------+-----+--------+

Top non-repeatable levels by time:
     D:1: 1043 daAuts
     D:2: 94 daAuts
